 Dungeon Crawl Stone Soup version 0.19-a0-1007-g133f65f (webtiles) character file.

85 mehrheit the Skirmisher (level 4, -2/29 HPs)
             Began as a Gargoyle Fighter on July 19, 2016.
             Killed from afar by an orc wizard (5 damage)
             ... with a puff of flame
             ... on level 3 of the Dungeon.
             The game lasted 00:03:22 (870 turns).

mehrheit the Skirmisher (Gargoyle Fighter)           Turns: 870, Time: 00:03:25

Health: -2/29      AC: 11    Str: 20    XL:     4   Next: 48%
Magic:  4/4        EV:  7    Int:  9    God:
Gold:   67         SH:  9    Dex:  9    Spells: 0 memorised, 3 levels left

rFire  . . .     SeeInvis .     a - +0 flail
rCold  . . .     Gourm    .     b - +0 scale mail
rNeg   + . .     Faith    .     c - +0 shield
rPois  ∞         Spirit   .     (no helmet)
rElec  +         Dismiss  .     (no cloak)
rCorr  .         Reflect  .     (no gloves)
SustAt .         Harm     .     e - +0 pair of boots
MR     .....     Rnd*Tele +     (no amulet)
Stlth  ..........               (no ring)
                                i - ring of teleportation (curse)

@: not resistant to hostile enchantments, extremely unstealthy
A: negative energy resistance 1, electricity resistance, unbreathing,
petrification resistance, rot immunity, AC +3
a: no special abilities


You were on level 3 of the Dungeon.
You were not hungry.

You visited 1 branch of the dungeon, and saw 3 of its levels.

You collected 67 gold pieces.

Inventory:

Hand Weapons
 a - a +0 flail (weapon)
Armour
 b - a +0 scale mail (worn)
 c - a +0 shield (worn)
 e - a +0 pair of boots (worn)
Jewellery
 i - a cursed ring of teleportation (left hand)
 k - an uncursed ring of fire {unknown}
Scrolls
 j - a scroll of magic mapping {unknown}
 l - a scroll of identify
Potions
 h - a potion of curing {unknown}
Comestibles
 f - a bread ration
 g - 3 chunks of flesh


   Skills:
 + Level 4.2 Fighting
 + Level 3.0 Maces & Flails
 + Level 4.1 Armour
 - Level 3.2 Shields


You had 3 spell levels left.
You didn't know any spells.

Dungeon Overview and Level Annotations

Branches:
Dungeon (3/15)

Altars:


Innate Abilities, Weirdness & Mutations

You are resistant to torment.
Your stone body is resilient. (AC +3)
You are immune to poison.
You resist negative energy. (rN+)
You are resistant to electric shocks. (rElec)
You can survive without breathing.
You are immune to petrification.
You are immune to rotting.


Message History

You hear some strange, mumbled words.
A puff of flame appears from out of thin air!
The puff of flame hits you! Something hits you but does no damage.
Your shield prevents you from hitting something.
Something hits you but does no damage.
You hear some strange, mumbled words.
A puff of flame appears from out of thin air!
The puff of flame hits you!
* * * LOW HITPOINT WARNING * * *
You barely miss something. You block something's attack.
Something hits you but does no damage.
Okay, then.
You block something's attack.
You hear some strange, mumbled words.
A puff of flame appears from out of thin air!
You block the puff of flame.
You hear some strange, mumbled words.
A puff of flame appears from out of thin air!
The puff of flame hits you!
You die...

.......)..# .#
.......(..###.#
..........#...
.?.......g#.##
.........r.(.#
.>.......K##s#
##........##.###
..........##...#
.#........####@#
#...#####.....#
.## #.#####


You could see a giant cockroach.

Vanquished Creatures
  An orc priest (D:3)
  3 adders (D:3)
  A worm (D:3)
  3 giant geckos
  2 orcs (D:3)
  2 giant cockroaches
  3 hobgoblins
  2 kobolds (D:1)
  3 bats (D:1)
  A giant newt (D:3)
  2 goblins
  2 rats (D:1)
25 creatures vanquished.

Notes
Turn   | Place    | Note
-------+----------+-------------------------------------------
     0 | D:1      | mehrheit the Gargoyle Fighter began the quest for the Orb.
     0 | D:1      | Reached XP level 1. HP: 14/14 MP: 1/1
   114 | D:1      | Reached XP level 2. HP: 17/19 MP: 2/2
   698 | D:2      | You fall through a shaft!
   717 | D:3      | Reached XP level 3. HP: 22/24 MP: 3/3
   726 | D:3      | Reached XP level 4. HP: 16/29 MP: 4/4
   870 | D:3      | Killed from afar by an orc wizard

Vault maps used:
D:1:      minmay_arrival_four_houses, st_stairs_12, hex_tiny
D:3:      first_bread

Skill      XL: |  1  2  3  4 |
---------------+-------------+-----
Fighting       | 4 |  4.2
Armour         | 4 |  4.1
Maces & Flails | 3 |  3.0
Shields        | |  3.2

Action                   |  1- 3 |  4- 6 || total
-------------------------+-------+-------++-------
Melee: Flail             |    46 |    32 ||    78
  Use: Scroll            |     1 |       ||     1
       Potion            |     1 |       ||     1
Armor: Scale mail        |    27 |    23 ||    50
Dodge: Dodged            |     7 |    12 ||    19
Block: Shield            |    25 |    22 ||    47
